Map: Ascension to Aiur LE

Players

Neuling

  • Race: Protoss Protoss
  • League: Master
  • Spawn Location: 11:00

Frikandel - Winner!

  • Race: Terran Terran
  • League: Master
  • Spawn Location: 5:00

VOD

Have the link to the VOD?

Description

Time

  • Played on: Dec. 5, 2017, 11:39 a.m.
  • Length: 9:38
Show
View Real Time Build Order
Export as new Build Order

Neuling Protoss 

Build Orders: 1 Gate Expand, Double Forge, Blink Stalkers 

Get SALT Encoding   

  12  0:00  Probe  
  13  0:12  Probe  
  14  0:18  Pylon  
  14  0:25  Probe (Chrono Boost)  
  15  0:37  Probe (Chrono Boost), Gateway  
  17  0:46  Probe (Chrono Boost)  
  17  0:47  Assimilator  
  17  0:51  Probe  
  18  1:03  Probe (Chrono Boost)  
  20  1:13  Probe (Chrono Boost)  
  20  1:17  Probe  
  21  1:28  Nexus  
  21  1:35  Cybernetics Core  
  21  1:39  Assimilator  
  21  1:43  Probe  
  22  1:51  Pylon  
  22  1:55  Probe  
  23  2:09  Probe  
  23  2:12  Stalker (Chrono Boost)  
  23  2:13  Warp Gate  
  26  2:22  Probe  
  27  2:32  Stalker (Chrono Boost)  
  29  2:38  Twilight Council  
  29  2:41  Probe x2  
  31  2:52  Stalker (Chrono Boost)  
  31  2:53  Probe  
  31  2:54  Probe  
  35  3:04  Robotics Facility  
  35  3:05  Probe  
  35  3:07  Probe  
  37  3:17  Probe  
  37  3:19  Probe  
  39  3:22  Gateway  
  39  3:26  Blink (Chrono Boost)  
  39  3:35  Gateway  
  39  3:37  Probe x2  
  41  3:45  Pylon  
  41  3:49  Probe x2  
  41  3:50  Stalker  
  41  3:52  Observer  
  46  4:03  Probe x2  
  48  4:16  Probe x2  
  50  4:21  Nexus  
  50  4:24  Pylon  
  50  4:28  Observer  
  51  4:32  Assimilator  
  51  4:38  Forge x2  
  51  4:41  Probe, Pylon  
  52  4:45  Pylon  
  50  4:57  Stalker  
  50  4:58  Stalker x2  
  57  5:00  Observer  
  57  5:10  Probe x2  
  59  5:22  Probe x2  
  59  5:24  Photon Cannon  
  59  5:25  Protoss Ground Weapons Level 1 (Chrono Boost), Protoss Ground Armor Level 1 (Chrono Boost)  
  59  5:26  Shield Battery  
  61  5:34  Probe x2  
  63  5:37  Observer, Gateway  
  57  5:56  Pylon  
  57  5:58  Probe (Chrono Boost)  
  57  6:03  Stalker x3  
  66  6:07  Probe (Chrono Boost)  
  66  6:08  Probe (Chrono Boost)  
  66  6:09  Probe x2 (Chrono Boost)  
  66  6:10  Probe, Gateway  
  69  6:12  Probe  
  70  6:19  Gateway  
  70  6:22  Probe x2  
  70  6:25  Gateway  
  72  6:30  Probe  
  73  6:34  Probe x2  
  75  6:43  Charge  
  75  6:48  Pylon x2  
  75  6:49  Templar Archives  
  73  6:57  Zealot x3  
  79  7:05  Protoss Ground Weapons Level 2 (Chrono Boost)  
  79  7:09  Zealot x2  
  79  7:10  Probe x2  
  79  7:11  Probe, Protoss Ground Armor Level 2 (Chrono Boost)  
  83  7:30  Stalker x2  
  83  7:31  Zealot x4  
  83  7:33  Probe  
  83  7:34  Probe x2  
  83  7:37  Assimilator  
  98  7:45  Probe  
  98  7:46  Probe  
  100  7:56  Pylon  
  99  8:00  Zealot x5  
  99  8:01  Zealot  
  99  8:12  Pylon  
  78  8:24  Zealot x2  
  78  8:25  Zealot x4  
  80  8:41  Nexus, Pylon  
  80  8:43  Zealot  
  80  8:47  Immortal (Chrono Boost)  
  86  8:49  High Templar x3  
  86  8:53  High Templar  
  86  8:54  Archon  
  94  8:56  Zealot x2  
  94  8:59  Archon  
  92  9:05  Zealot  
  76  9:21  Zealot x2  
  74  9:24  Zealot  
  74  9:27  Stalker x2  
Show
View Real Time Build Order
Export as new Build Order

Frikandel Terran - Winner!

Build Orders: Liberator Opening, Reaper Expand, MMM Bio 

Get SALT Encoding   

  12  0:00  SCV  
  13  0:12  SCV  
  14  0:17  Supply Depot  
  14  0:25  SCV  
  15  0:32  Refinery  
  15  0:38  SCV  
  16  0:44  Barracks  
  16  0:50  SCV  
  17  1:03  SCV  
  18  1:15  SCV  
  19  1:31  Reaper  
  19  1:32  Orbital Command  
  20  1:44  Command Center  
  20  1:56  Factory  
  20  1:59  SCV  
  21  2:09  Barracks Reactor  
  21  2:11  SCV  
  22  2:18  Supply Depot  
  22  2:24  SCV  
  22  2:28  Refinery, Bunker  
  23  2:40  SCV  
  24  2:48  Starport  
  24  2:52  Marine x2  
  24  2:54  SCV  
  27  3:00  Orbital Command  
  27  3:03  Widow Mine  
  29  3:07  SCV  
  29  3:12  Marine  
  30  3:14  Marine  
  30  3:19  SCV  
  33  3:30  Medivac  
  33  3:31  SCV  
  35  3:35  Widow Mine, Marine  
  35  3:36  Marine  
  39  3:41  SCV  
  39  3:44  SCV  
  39  3:45  Supply Depot  
  41  3:50  Liberator  
  41  3:52  Supply Depot  
  41  3:54  SCV  
  41  3:55  Marine x2  
  44  3:56  SCV  
  45  4:05  Factory Tech Lab  
  45  4:06  SCV  
  45  4:08  SCV  
  50  4:10  Engineering Bay  
  50  4:21  Refinery  
  50  4:23  SCV x2  
  51  4:25  Marine, Siege Tank  
  51  4:26  Marine  
  56  4:32  Supply Depot  
  56  4:34  Supply Depot  
  56  4:38  SCV  
  57  4:39  Terran Infantry Weapons Level 1  
  57  4:45  SCV  
  58  4:50  SCV  
  59  5:01  Starport Tech Lab  
  59  5:03  SCV  
  59  5:05  Barracks x2  
  59  5:06  Marine  
  61  5:07  Stimpack  
  61  5:09  Factory Reactor  
  61  5:10  SCV  
  62  5:15  SCV  
  62  5:18  Refinery  
  62  5:19  Missile Turret  
  62  5:21  Missile Turret  
  63  5:22  SCV  
  63  5:25  Marine  
  63  5:27  Starport Reactor, SCV  
  66  5:34  SCV  
  67  5:36  Supply Depot  
  67  5:39  SCV  
  68  5:44  Marauder  
  68  5:46  SCV  
  68  5:56  Marine x2, SCV, Widow Mine x2  
  73  6:00  Supply Depot  
  73  6:02  Barracks  
  73  6:03  Barracks, Combat Shields  
  75  6:06  Medivac x2  
  75  6:07  Marine x2  
  81  6:12  Supply Depot  
  81  6:15  Marine x2  
  83  6:21  Supply Depot  
  83  6:25  Marine, Marauder  
  86  6:27  Widow Mine  
  86  6:28  Widow Mine, Supply Depot  
  90  6:33  Marine  
  90  6:35  Marine  
  91  6:43  Marauder  
  91  6:45  Medivac  
  91  6:46  Marine  
  96  6:47  Medivac  
  96  6:50  Marine  
  96  6:51  Barracks Tech Lab  
  96  6:53  Marine  
  100  6:56  Barracks Reactor  
  100  7:02  Widow Mine x2  
  100  7:04  Marine  
  100  7:05  Marauder  
  100  7:08  Marine, Concussive Shells  
  107  7:10  Supply Depot  
  107  7:11  Marine, Supply Depot  
  107  7:12  Marine  
  110  7:17  Medivac  
  112  7:23  Marauder  
  112  7:26  Marine, Marauder  
  112  7:28  Medivac  
  112  7:29  Marine  
  118  7:30  Liberator  
  118  7:32  Marine  
  119  7:37  Marine x2  
  119  7:38  Supply Depot  
  119  7:40  Terran Infantry Armor Level 1  
  119  7:41  Liberator  
  119  7:44  Marine, Marauder  
  119  7:47  Widow Mine, Marauder  
  119  7:50  Widow Mine  
  129  7:51  Marine  
  129  7:54  Marine  
  129  8:03  Marine x2  
  129  8:05  Marauder  
  125  8:16  Liberator  
  125  8:18  Marine x3  
  125  8:19  Widow Mine, Marauder  
  125  8:21  Marine x2  
  125  8:24  Liberator  
  130  8:27  Marauder  
  130  8:29  Widow Mine  
  135  8:36  Marine, Marauder  
  135  8:40  Marauder  
  135  8:41  Marine  
  141  8:45  Marine x2  
  141  8:48  Marine, Widow Mine  
  149  9:06  Marine x3  
  149  9:07  Marine  
  149  9:10  Marauder  
Tags
 
Add a new tag
Caveats
  • Supply blocks, unpowered buildings, or Contaminate may cause inaccurate times.
  • Supply counts are checked every 10 seconds.